 Dungeon Crawl Stone Soup version 0.30-a0-860-g512cf1e979 (webtiles) character file.

Game seed: 6938196039279975701

3705 MacCMillion the Cleaver (level 9, -7/75 HPs)
             Began as a Minotaur Fighter on Mar 8, 2023.
             Was a Believer of Okawaru.
             Killed from afar by an oklob plant (22 damage)
             ... with a splash of acid
             ... on level 8 of the Dungeon.
             The game lasted 00:18:58 (9094 turns).

MacCMillion the Cleaver (Minotaur Fighter)          Turns: 9094, Time: 00:18:59

Health: -7/75      AC:  8    Str: 26    XL:     9   Next: 91%
Magic:  8/8        EV:  9    Int:  5    God:    Okawaru [**....]
Gold:   570        SH:  6    Dex:  9    Spells: 8/8 levels left

rFire   . . .      SeeInvis .    a - +0 war axe
rCold   . . .      Faith    .    c - +0 buckler
rNeg    + . .      Spirit   .    t - +0 pearl dragon scales
rPois   .          Reflect  .    z - +2 hat
rElec   .          Rampage  .    (no cloak)
rCorr   .                        i - +0 pair of gloves
Will    .....                    (no boots) Stlth
                                 (no amulet)
HPRegen 0.32/turn                (no ring)
MPRegen 0.11/turn                (no ring)

@: corroded, very slow
A: horns 2, retaliatory headbutt
a: Renounce Religion, Heroism


You were on level 8 of the Dungeon.
You worshipped Okawaru.
Okawaru was pleased with you.
You visited 2 branches of the dungeon, and saw 9 of its levels.
You also visited: Ossuary.

You collected 570 gold pieces.

Inventory:

Hand Weapons
 a - a +0 war axe (weapon)
 A - a +2 flail of protection
Missiles
 n - 6 javelins
 p - 14 boomerangs
 q - 11 poisoned darts (quivered)
Armour
 b - a +0 scale mail
 c - a +0 buckler (worn)
 i - a +0 pair of gloves (worn)
 l - a +2 kite shield
 t - +0 pearl dragon scales (worn)
 z - a +2 hat (worn)
Wands
 h - a wand of flame (31)
 r - a wand of paralysis (9)
 y - a wand of digging (7)
Scrolls
 f - 4 scrolls of blinking
 g - 2 scrolls of torment
 j - a scroll of enchant armour {unknown}
 k - a scroll of enchant weapon {unknown}
 o - a scroll of silence {unknown}
 s - a scroll of brand weapon {unknown}
 u - 4 scrolls of magic mapping {unknown}
 v - a scroll of teleportation
 x - 2 scrolls of poison
 D - a scroll of vulnerability {unknown}
 E - a scroll of noise {unknown}
 I - 2 scrolls of identify
 J - a scroll of fog {unknown}
 L - 2 scrolls of fear {unknown}
Potions
 d - 3 potions of might
 e - 3 potions of flight
 m - 3 potions of brilliance
 w - 4 potions of curing
 B - 3 potions of mutation
 C - 2 potions of lignification {unknown}
 F - 2 potions of degeneration {unknown}
 G - a potion of heal wounds {unknown}
 H - 4 potions of haste
 K - 2 potions of ambrosia {unknown}
 M - a potion of invisibility {unknown}


   Skills:
 - Level 6.2 Fighting
 * Level 12.2 Axes
 - Level 3.0 Throwing
 - Level 6.2 Armour
 - Level 9.5 Shields
 * Level 1.0 Invocations


You had 8 spell levels left.
You didn't know any spells.
Your spell library contained the following spells:

 Spells                   Type           Power      Damage    Failure   Level
 Blink                    Tloc           0%         N/A       94%         2
 Lesser Beckoning         Tloc           0%         N/A       94%         2
 Momentum Strike          Conj/Tloc      0%         3d8       94%         2
 Scorch                   Fire           0%         2d5       94%         2
 Airstrike                Air            0%         2d(0-16)  100%        4
 Flame Wave               Conj/Fire      0%         2d4       100%        4
 Lightning Bolt           Conj/Air       0%         1d11      100%        5
 Summon Lightning Spire   Summ/Air       Unusable   N/A       N/A         4
 Summon Cactus Giant      Summ           Unusable   N/A       N/A         6

Dungeon Overview and Level Annotations

Branches:
Dungeon (8/15)             Temple (1/1) D:6         Ossuary (visited)
   Lair: D:8-11

Altars:
Ashenzari
Cheibriados
Dithmenos
Elyvilon
Fedhas
Gozag
Hepliaklqana
Kikubaaqudgha
Okawaru
Qazlal
Ru
Sif Muna
Trog
Uskayaw
Vehumet
Wu Jian
Zin
The Shining One

Annotations:
D:5 1 runed translucent door, svtm's ghost, novice MiBe
D:6 1 runed translucent door, Edmund; TryHard88's ghost, novice MiBe
D:8 exclusion: oklob sapling


Innate Abilities, Weirdness & Mutations

You have a pair of horns on your head.
You reflexively headbutt those who attack you in melee.


Message History

You see here 2 potions of brilliance.
You miss the adder. The adder bites you but does no damage.
You miss the adder. The adder closely misses you. You furiously retaliate!
You headbutt the adder! The adder bites you but does no damage.
You miss the adder. Your headbutt misses the adder.
The adder is severely wounded.
The adder barely misses you.
You closely miss the adder.
The adder is severely wounded.
The adder barely misses you.
You slash the adder!
You kill the adder!
Okawaru accepts your kill.
No target in view!
You hit the plant.
The plant begins to die.
You headbutt the plant!
The plant is lightly damaged.
You hit the plant.
The plant is lightly damaged.
You hit the plant but do no damage.
The plant is lightly damaged.
You slash the plant!
The plant is lightly damaged.
You slice the plant!!
The plant is moderately damaged.
A nearby plant withers and dies.
You enter the shallow water.
Moving in this stuff is going to be slow.
Really walk into a travel-excluded area?
An oklob plant comes into view.
The oklob plant spits acid at you. The splash of acid hits you!!
The acid corrodes you! The oklob sapling spits acid at you.
The splash of acid hits you!! The acid corrodes you!
The oklob sapling spits acid at you. The splash of acid hits you!!
* * * LOW HITPOINT WARNING * * *
The acid corrodes you! The oklob plant spits acid at you.
The splash of acid hits you!!
You die...

..♣≈≈≈.# .~≈≈≈P.###
~~≈≈....# ≈≈≈....# ######
♣....####..... #+
♣♣....>........ ♣♣♣~♣
♣.÷.........#..
P≈♣≈≈≈~♣♣♣.....#....##..
♣!≈≈.≈≈≈≈@≈♣.....#########
≈P~≈~~~~≈~♣♣♣...# #
♣P≈≈≈~≈≈♣.~♣♣#### ##
♣≈≈P≈≈~≈♣.♣♣ #.
♣≈≈≈≈~≈♣♣!♣♣ #########.
♣♣≈≈~≈♣..♣.♣ ##.........
♣≈.♣♣♣♣♣♣~♣##..########
♣♣♣♣....≈~≈♣...## ##....
#.......≈~...######..###


You could see an oklob plant and an oklob sapling.

Vanquished Creatures
  Pikel (D:6)
  A wraith (Ossuary)
  6 yaks
  Eustachio (D:6)
  A steam dragon (D:7)
  A water moccasin (D:8)
  A sky beast (D:8)
  An orc warrior (D:6)
  A black bear (D:6)
  An ogre (D:6)
  A lemure (D:6)
  2 gnoll sergeants (D:6)
  3 scorpions
  4 killer bees (D:8)
  9 howler monkeys
  3 jellies
  3 hounds
  An orc priest (D:3)
  Ijyb (D:3)
  2 iguanas (D:5)
  2 orc wizards (D:5)
  3 mummies (Ossuary)
  12 gnolls
  9 adders
  2 white imps
  3 dart slugs
  20 orcs
  14 ball pythons
  4 bats
  5 endoplasms
  5 giant cockroaches
  7 goblins
  8 hobgoblins
  3 jackals (D:8)
  3 quokkas
  A frilled lizard (D:3)
  5 goblin zombies (Ossuary)
  3 hobgoblin zombies (Ossuary)
  4 kobolds
  3 kobold zombies (Ossuary)
  7 rats
167 creatures vanquished.

Vanquished Creatures (others)
  8 plants
8 creatures vanquished.

Grand Total: 175 creatures vanquished

Notes
Turn   | Place    | Note
-------+----------+-------------------------------------------
     0 | D:1      | MacCMillion the Minotaur Fighter began the quest for the
                  | Orb.
     0 | D:1      | Reached XP level 1. HP: 19/19 MP: 0/0
    42 | D:1      | Reached skill level 3 in Axes
    42 | D:1      | Reached XP level 2. HP: 26/26 MP: 1/1
   403 | D:1      | Reached XP level 3. HP: 31/31 MP: 2/2
   454 | D:1      | Reached skill level 4 in Axes
   985 | D:2      | Found a faded altar of an unknown god.
  1096 | D:2      | Reached XP level 4. HP: 30/39 MP: 3/3
  1444 | D:2      | Reached skill level 5 in Axes
  1852 | D:3      | Noticed Ijyb
  1858 | D:3      | Paralysed by Ijyb for 4 turns
  1864 | D:3      | Killed Ijyb
  2034 | D:3      | Reached skill level 1 in Throwing
  2034 | D:3      | Reached XP level 5. HP: 36/45 MP: 4/4
  2145 | D:3      | Found a radiant altar of Vehumet.
  2264 | D:3      | Found a glowing golden altar of the Shining One.
  2996 | D:4      | Reached skill level 6 in Axes
  3113 | D:4      | Reached skill level 5 in Shields
  3325 | D:4      | Found a snail-covered altar of Cheibriados.
  3325 | D:4      | Found a hide-covered altar of Uskayaw.
  3326 | D:4      | Found an iron altar of Okawaru.
  3743 | D:5      | Entered Level 5 of the Dungeon
  3786 | D:5      | Reached XP level 6. HP: 42/51 MP: 5/5
  3922 | D:5      | Reached skill level 7 in Axes
  4024 | D:5      | Noticed svtm's ghost (novice MiBe)
  4027 | D:5      | Found a runed translucent door.
  4209 | D:5      | Found a bloodstained altar of Trog.
  4594 | D:5      | Found a white marble altar of Elyvilon.
  4595 | D:5      | Found an opulent altar of Gozag.
  4993 | D:6      | Reached XP level 7. HP: 47/57 MP: 6/6
  5138 | D:6      | Found a staircase to the Ecumenical Temple.
  5169 | D:6      | Noticed Pikel
  5207 | D:6      | Killed Pikel
  5208 | D:6      | Reached skill level 9 in Axes
  5208 | D:6      | Reached XP level 8. HP: 31/64 MP: 7/7
  5453 | Temple   | Entered the Ecumenical Temple
  5635 | D:4      | Became a worshipper of Warmaster Okawaru
  5700 | D:6      | Noticed Eustachio
  5922 | D:6      | Killed Eustachio
  5923 | D:6      | Reached skill level 10 in Axes
  6162 | D:6      | Found a stormy altar of Qazlal.
  6175 | D:6      | Noticed Edmund
  6271 | D:6      | Found a shadowy altar of Dithmenos.
  6295 | D:6      | Found a runed translucent door.
  6590 | D:6      | Noticed TryHard88's ghost (novice MiBe)
  7297 | D:7      | Found a hazy altar of Hepliaklqana.
  7359 | D:7      | Reached XP level 9. HP: 72/72 MP: 8/8
  7487 | D:7      | Reached * piety under Okawaru
  7977 | D:8      | Reached skill level 5 in Fighting
  7977 | D:8      | Reached skill level 11 in Axes
  7977 | D:8      | Reached skill level 5 in Armour
  8157 | D:8      | Reached ** piety under Okawaru
  8245 | D:8      | Reached skill level 12 in Axes
  8291 | D:8      | Found a sand-covered staircase.
  8316 | Ossuary  | Entered an ossuary
  9036 | D:8      | Reached skill level 1 in Invocations
  9094 | D:8      | Noticed an oklob plant
  9094 | D:8      | Killed from afar by an oklob plant

Illustrated notes

Levels and vault maps discovered:
D:1:      spicycebolla_green_bress_n_ham_2, layout_basic, minmay_crystal_room,
          amcnicky_mini_pool_small
D:2:      layout_basic, hellmonk_ecumenical_altar_defaced_shrine,
          chequers_serial_rivers_micro_a, serial_bayou_pond_e
D:3:      layout_loops_ring, nicolae_vehumet_radiance,
          mainiacjoe_overflow_boulevard, minmay_between, uniq_ijyb
D:4:      layout_basic, gammafunk_temple_overflow_forgotten
D:5:      layout_basic, amcnicky_altar_gilded, nicolae_overflow_hidden_temple,
          hellmonk_ghost_happy_afterlife, minmay_misc_feat_plants,
          hex_intersection
D:6:      layout_gridville, grunt_dithmenos_smoke,
          nicolae_qazlal_general_emergency, temple_statues,
          ebering_ghost_reflecting_pool, uniq_edmund, uniq_pikel, uniq_eustachio
D:7:      layout_loops_ring, mainiacjoe_overflow_alcove_1, grunt_ministairs_1
D:8:      layout_rooms, enter_ossuary_3, introduction_to_nature_2
Temple:   nicolae_temple_great_sept

Skill      XL: |  1  2  3  4  5  6  7  8  9 |
---------------+----------------------------+-----
Axes           | 3 4 5 6 7 9 10 12 | 12.2
Shields        | 4 5 7 8 9 |  9.5
Throwing       | 1 2 3 |  3.0
Armour         | 4 6 |  6.2
Fighting       | 4 6 |  6.2
Invocations    | 1 |  1.0

Action                     |  1- 3 |  4- 6 |  7- 9 || total
---------------------------+-------+-------+-------++-------
  Melee: War axe           |    75 |   136 |   266 ||   477
         Headbutt          |    12 |    20 |    53 ||    85
  Throw: Dart              |       |     3 |     7 ||    10
 Invoke: Heroism           |       |       |     2 ||     2
    Use: Scroll            |       |     7 |     2 ||     9
         Potion            |       |       |     1 ||     1
 Armour: Scale mail        |    26 |    15 |       ||    41
         Pearl dragon scal |       |    52 |   100 ||   152
  Dodge: Dodged            |    33 |    68 |    89 ||   190
  Block: Buckler           |     4 |    31 |    47 ||    82
         Kite shield       |     1 |       |       ||     1

Table legend: (Time is in decaauts)
 A = Elapsed time spent in this place.
 B = Non-inter-level travel time spent in this place.
 C = Inter-level travel time spent in this place.
 D = Time resting spent in this place.
 E = Time spent auto-exploring this place.
 F = Levels seen in this place.
 G = Mean time per level.
                   A        B        C        D        E       F      G
               +--------+--------+--------+--------+--------+-----+--------+
         Total |   9144 |   8663 |    481 |   1436 |   5225 |  10 |  914.4 |
       Dungeon |   8617 |   8136 |    481 |   1436 |   4987 |   8 | 1077.1 |
        Temple |     82 |     82 |      0 |      0 |     62 |   1 |   82.0 |
       Ossuary |    444 |    444 |      0 |      0 |    176 |   1 |  444.0 |
               +--------+--------+--------+--------+--------+-----+--------+

Top non-repeatable levels by time:
     D:5: 1722 daAuts
     D:6: 1512 daAuts
     D:3: 1047 daAuts
     D:4: 1029 daAuts
     D:2: 1006 daAuts
     D:7: 908 daAuts
     D:1: 768 daAuts
     D:8: 622 daAuts
 Ossuary: 444 daAuts
  Temple: 82 daAuts
